 Dungeon Crawl Stone Soup version 0.26-a0-712-ga5a9c9c9d0 (webtiles) character file.

Game seed: 4941391919818731719

3800 Azzok the Cleaver (level 9, -5/63 HPs)
             Began as a Demonspawn Berserker on Nov 8, 2020.
             Was an Elder of Trog.
             Slain by a vampire
             ... wielding a +0 long sword
              (7 damage)
             ... on level 9 of the Dungeon.
             The game lasted 00:10:05 (10113 turns).

Azzok the Cleaver (Demonspawn Berserker)           Turns: 10113, Time: 00:10:06

Health: -5/63      AC: 18    Str: 22    XL:     9   Next: 96%
Magic:  9/9        EV:  6    Int:  8    God:    Trog [****..]
Gold:   467        SH:  0    Dex: 12    Spells: 8/8 levels left

rFire    . . .     SeeInvis .   w - +0 war axe
rCold    . . .     Faith    .   (no shield)
rNeg     . . .     Spirit   .   d - +0 plate armour
rPois    .         Reflect  .   B - +1 helmet
rElec    .         Harm     .   j - +2 cloak
rCorr    .         Rampage  .   n - +0 pair of gloves
MR       .....                  u - +0 pair of boots
Stlth    ..........             (no amulet)
HPRegen  0.20/turn              (no ring)
MPRegen  0.11/turn              (no ring)

@: mighty, berserk cooldown, slowed, very slow
A: talons 2, powered by death 1, powered by pain 2
a: Berserk, Trog's Hand, Brothers in Arms, Renounce Religion


You were on level 9 of the Dungeon.
You worshipped Trog.
Trog was greatly pleased with you.
You visited 1 branch of the dungeon, and saw 9 of its levels.
You also visited: Ossuary.

You collected 467 gold pieces.

Inventory:

Hand Weapons
 a - a +0 hand axe
 w - a +0 war axe (weapon)
 y - a +0 flail of draining
Missiles
 h - 3 throwing nets (quivered)
Armour
 d - a +0 plate armour (worn)
 j - a +2 cloak (worn)
 n - a +0 pair of gloves (worn)
 u - a +0 pair of boots (worn)
 B - a +1 helmet (worn)
Wands
 p - a wand of polymorph (12)
Scrolls
 b - 3 scrolls of blinking {unknown}
 c - 5 scrolls of remove curse
 f - 5 scrolls of enchant armour {unknown}
 g - 3 scrolls of identify
 m - a scroll of fear {unknown}
 o - 3 scrolls of enchant weapon {unknown}
 t - 2 scrolls of magic mapping {unknown}
 z - 2 scrolls of immolation {unknown}
 A - 3 scrolls of teleportation {unknown}
 C - 5 scrolls of amnesia {unknown}
 D - a scroll of fog {unknown}
 E - a scroll of random uselessness {unknown}
 G - a scroll of silence {unknown}
Potions
 e - 2 potions of flight
 i - 3 potions of heal wounds {unknown}
 k - 5 potions of stabbing
 l - 2 potions of lignification {unknown}
 q - 7 potions of curing
 r - 5 potions of might
 s - a potion of magic {unknown}
 v - 2 potions of ambrosia
 x - 2 potions of berserk rage {unknown}
 F - a potion of invisibility


   Skills:
 - Level 3.0 Fighting
 + Level 13.0 Axes
 - Level 1.7 Armour
 - Level 1.7 Dodging


You had 8 spell levels left.
You didn't know any spells.
Your spell library was empty.

Dungeon Overview and Level Annotations

Branches:
Dungeon (9/15)             Temple (0/1) D:7         Ossuary (visited)
   Lair: D:8-11         Orc: D:9-12

Altars:
Ashenzari
Elyvilon
Fedhas
Gozag
Kikubaaqudgha
Makhleb
Nemelex Xobeh
Qazlal
Sif Muna
Uskayaw
Zin
The Shining One

Shops:
D:4 [   D:5 *


Innate Abilities, Weirdness & Mutations

You have razor-sharp toenails.
You regenerate a little health from kills.
You sometimes gain power by taking damage.


Message History

The vampire bites you.
* * * LOW HITPOINT WARNING * * *
The vampire draws strength from your injuries!
You are confused.
You feel invigorated.
The vampire hits you with a +0 long sword.
* * * LOW HITPOINT WARNING * * *
The vampire bites you but does no damage.
You feel less invigorated.
You feel less confused.
The vampire hits you with a +0 long sword!
* * * LOW HITPOINT WARNING * * *
The vampire bites you.
* * * LOW HITPOINT WARNING * * *
The vampire draws strength from your injuries!
Found a leather armour.
The vampire hits you with a +0 long sword.
* * * LOW HITPOINT WARNING * * *
The vampire bites you!
You die...

▒··▒ ▒··▒ ▒··▒ ▒··▒▒
▒▒▒···▒ ▒▒·····▒
▒▒······▒
▒▒▒▒▒▒▒▒▒▒▒▒†···V··▒·▒
▒···············@····▒
▒·▒▒▒▒▒·▒▒▒▒·······▒▒▒
▒·▒ ▒·▒ ▒▒··>···▒ ··▒
▒·▒ ▒▒···▒·▒
··▒▒▒▒▒·▒▒▒▒▒▒▒·▒▒·▒
················▒ ··
···▒▒▒▒▒▒▒▒▒▒▒▒▒▒ ··[
···▒ ▒▒▒ ···▒


You could see a vampire.

Vanquished Creatures
  A wyvern (D:7)
  3 yaks (D:9)
  2 ice beasts
  A sky beast (D:5)
  An orc warrior (D:6)
  3 phantoms
  A necrophage (D:9)
  2 ogres
  2 centaurs
  A big kobold (D:8)
  Blork the orc (D:5)
  2 bullfrogs
  8 scorpions
  5 howler monkeys
  4 wights (D:6)
  4 hounds
  3 centaur zombies
  3 jellies
  2 bullfrog skeletons
  2 orc priests
  3 orc wizards
  A centaur skeleton (D:4)
  8 worker ants
  A killer bee zombie (D:7)
  2 big kobold zombies (Ossuary)
  3 hound skeletons
  3 mummies (Ossuary)
  A howler monkey zombie (D:6)
  A worker ant zombie (D:7)
  4 gnolls (D:4)
  3 scorpion zombies (Ossuary)
  12 adders
  3 shadow imps
  2 white imps (D:8)
  2 ufetubi
  An ooze (D:1)
  An adder skeleton (D:4)
  2 worms (D:3)
  6 leopard geckos
  19 orcs
  3 bats
  5 giant cockroaches
  A gnoll zombie (Ossuary)
  10 goblins
  11 hobgoblins
  2 quokkas
  A ball python (D:2)
  4 frilled lizards
  A goblin zombie (Ossuary)
  A hobgoblin zombie (Ossuary)
  11 kobolds
  A kobold zombie (Ossuary)
  2 leopard gecko skeletons
  2 orc zombies (Ossuary)
  A quokka zombie (D:7)
  8 rats
193 creatures vanquished.

Vanquished Creatures (others)
  A goblin zombie (Ossuary)
  An orc zombie (Ossuary)
2 creatures vanquished.

Grand Total: 195 creatures vanquished

Notes
Turn   | Place    | Note
-------+----------+-------------------------------------------
     0 | D:1      | Azzok the Demonspawn Berserker began the quest for the Orb.
     0 | D:1      | Reached XP level 1. HP: 18/18 MP: 1/1
   147 | D:1      | Reached skill level 3 in Axes
   302 | D:1      | Gained mutation: You sometimes gain a little power by
                  | taking damage. [demonic ancestry]
   302 | D:1      | Reached XP level 2. HP: 24/24 MP: 2/2
  1563 | D:2      | Gained mutation: You have sharp toenails. [demonic
                  | ancestry]
  1563 | D:2      | Reached XP level 3. HP: 26/29 MP: 3/3
  1773 | D:2      | Reached skill level 4 in Axes
  2416 | D:2      | Reached ** piety under Trog
  2720 | D:3      | Gained mutation: You sometimes gain power by taking damage.
                  | [demonic ancestry]
  2720 | D:3      | Reached XP level 4. HP: 33/35 MP: 4/4
  2874 | D:3      | Found a sparkling altar of Nemelex Xobeh.
  2911 | D:3      | Found a broken altar of Ashenzari.
  2937 | D:3      | Reached skill level 5 in Axes
  3311 | D:3      | Reached XP level 5. HP: 41/41 MP: 5/5
  3317 | D:3      | Found a blossoming altar of Fedhas.
  3623 | D:4      | Found a sparkling altar of Nemelex Xobeh.
  3706 | D:4      | Noticed a phantom
  3732 | D:4      | Killed a phantom
  3732 | D:4      | Reached skill level 6 in Axes
  3732 | D:4      | Reached XP level 6. HP: 19/47 MP: 6/6
  4766 | D:4      | Found a hide-covered altar of Uskayaw.
  4903 | D:4      | Found Paotuneo's Armour Boutique.
  5020 | D:5      | Entered Level 5 of the Dungeon
  5154 | D:5      | Found Zin's Purification Station.
  5154 | D:5      | Found a glowing silver altar of Zin.
  5154 | D:5      | Noticed Blork the orc
  5162 | D:5      | Killed Blork the orc
  5162 | D:5      | Reached skill level 7 in Axes
  5163 | D:5      | Reached XP level 7. HP: 51/52 MP: 7/7
  5455 | D:5      | Reached skill level 8 in Axes
  5456 | D:5      | Found a sand-covered staircase.
  5464 | Ossuary  | Entered an ossuary
  5869 | Ossuary  | Reached skill level 9 in Axes
  5869 | Ossuary  | Gained mutation: You regenerate a little health from kills.
                  | [demonic ancestry]
  5869 | Ossuary  | Reached XP level 8. HP: 43/58 MP: 8/8
  5874 | Ossuary  | Reached *** piety under Trog
  7294 | D:6      | Reached skill level 10 in Axes
  7408 | D:6      | Found a glowing golden altar of the Shining One.
  7408 | D:6      | Found a stormy altar of Qazlal.
  8178 | D:6      | Found a burning altar of Makhleb.
  8519 | D:7      | Reached skill level 11 in Axes
  8519 | D:7      | Gained mutation: You have razor-sharp toenails. [demonic
                  | ancestry]
  8519 | D:7      | Reached XP level 9. HP: 63/63 MP: 9/9
  8839 | D:7      | Found an opulent altar of Gozag.
  8861 | D:7      | Found a shimmering blue altar of Sif Muna.
  8924 | D:7      | Found an ancient bone altar of Kikubaaqudgha.
  8934 | D:7      | Got a transparent cloak
  8936 | D:7      | Found a white marble altar of Elyvilon.
  8971 | D:7      | Identified the +0 cloak of the Heavens {Dex+4} (You found
                  | it on level 7 of the Dungeon)
  9182 | D:7      | Found a staircase to the Ecumenical Temple.
  9423 | D:8      | Reached **** piety under Trog
  9456 | D:8      | Reached skill level 12 in Axes
 10098 | D:9      | Reached skill level 13 in Axes
 10113 | D:9      | HP: 2/63 [vampire/+0 long sword (6)]
 10113 | D:9      | Slain by a vampire

Illustrated notes

Levels and vault maps discovered:
D:1:      ncdulo_watergridlock, layout_basic
D:2:      minmay_spotlight, layout_basic
D:3:      layout_basic, ashenzari_conservatory_becter, old_standard_altar,
          gup_sewer_entry_glass, nemelex_diamond_rough_becter
D:4:      layout_basic, kennysheep_little_box,
          nemelex_xobeh_ov_fountains_minmay, serial_shops, kennysheep_mini,
          minmay_quadrilaterals
D:5:      layout_loops_ring, zin_purify, chequers_ossuary_entry_cave,
          serial_rivers, chequers_serial_rivers_room_a,
          chequers_serial_rivers_marsh, chequers_serial_rivers_micro_a,
          chequers_serial_rivers_micro_e, uniq_blork_the_orc
D:6:      layout_layer_cave, grunt_temple_overflow_open, kennysheep_mini_moat,
          hangedman_abyss_or_decor_stabs, chequers_decorated_corner
D:7:      layout_gridville, nicolae_overflow_quartered_altars, temple_hall
D:8:      layout_basic
D:9:      layout_loops_ring, vehumet_crystals, orc_0_dummy, serial_undead,
          serial_undead_e, serial_undead_e, serial_undead_c, serial_undead_e,
          grunt_ministairs_11

Skill      XL: |  1  2  3  4  5  6  7  8  9 |
---------------+----------------------------+-----
Axes           | 3 4 5 6 7 9 11 13 | 13.0
Fighting       | |  3.0
Armour         | |  1.7
Dodging        | |  1.7

Action                   |  1- 3 |  4- 6 |  7- 9 || total
-------------------------+-------+-------+-------++-------
Melee: Hand axe          |   131 |    80 |       ||   211
       Kick              |    16 |    19 |       ||    35
       War axe           |       |    71 |   431 ||   502
       Flail             |       |     7 |    48 ||    55
Invok: Berserk           |       |     1 |     3 ||     4
  Use: Scroll            |       |       |    10 ||    10
       Potion            |       |       |     2 ||     2
Armor: Animal skin       |    37 |       |       ||    37
       Scale mail        |    17 |    92 |    69 ||   178
       Plate armour      |       |       |   230 ||   230
Dodge: Dodged            |    92 |    78 |   176 ||   346

Table legend: (Time is in decaauts)
 A = Elapsed time spent in this place.
 B = Non-inter-level travel time spent in this place.
 C = Inter-level travel time spent in this place.
 D = Time resting spent in this place.
 E = Time spent auto-exploring this place.
 F = Levels seen in this place.
 G = Mean time per level.
                   A        B        C        D        E       F      G
               +--------+--------+--------+--------+--------+-----+--------+
         Total |  10178 |   9919 |    259 |    999 |   7169 |  10 | 1017.8 |
       Dungeon |   8986 |   8727 |    259 |    457 |   6746 |   9 |  998.4 |
       Ossuary |   1191 |   1191 |      0 |    542 |    423 |   1 | 1191.0 |
               +--------+--------+--------+--------+--------+-----+--------+

Top non-repeatable levels by time:
     D:4: 1560 daAuts
     D:6: 1449 daAuts
     D:1: 1390 daAuts
     D:2: 1245 daAuts
 Ossuary: 1191 daAuts
     D:3: 865 daAuts
     D:7: 843 daAuts
     D:5: 828 daAuts
     D:8: 622 daAuts
     D:9: 181 daAuts
